 Dungeon Crawl Stone Soup version 0.18-a0-965-g9200175 (webtiles) character file.

70 Duffy the Insei (level 4, 35/35 HPs)
             Began as a Demonspawn Monk on Jan 2, 2016.
             Quit the game on level 2 of the Dungeon.
             The game lasted 00:01:26 (1526 turns).

Duffy the Insei (Demonspawn Monk)                   Turns: 1526, Time: 00:01:26

Health: 35/35      AC:  3    Str: 13    XL:     4   Next: 4%
Magic:  4/4        EV: 12    Int: 11    God:
Gold:   143        SH:  0    Dex: 15    Spells: 0 memorised, 3 levels left

rFire  . . .     SeeInvis .       - Unarmed
rCold  . . .     Gourm    .     c - +0 leather armour
rNeg   . . .     Faith    .     (no shield)
rPois  .         Spirit   .     (no helmet)
rElec  .         Dismiss  .     (no cloak)
rCorr  .         Reflect  .     (no gloves)
SustAt .         Harm     .     (no boots)
MR     .....                    (no amulet)
Stlth  ++........               (no ring)
                                (no ring)

@: not resistant to hostile enchantments, unstealthy
A: powered by death 1, rot immunity
a: no special abilities


You were on level 2 of the Dungeon.
You were not hungry.

You visited 1 branch of the dungeon, and saw 2 of its levels.

You collected 143 gold pieces.


Innate Abilities, Weirdness & Mutations

You regenerate a little health from kills.
You are immune to rotting.


   Skills:
 - Level 3.0 Fighting
 - Level 2.6 Dodging
 - Level 1.7 Stealth
 + Level 5.1 Unarmed Combat


You had 3 spell levels left.
You didn't know any spells.

Inventory:

Armour
 a - a +0 robe
 c - a +0 leather armour (worn)
Scrolls
 d - a scroll of magic mapping {unknown}
 f - a scroll of noise {unknown}
 g - 7 scrolls of remove curse {unknown}
 h - 3 scrolls of enchant armour {unknown}
 j - a scroll of identify {unknown}
 n - a scroll of random uselessness {unknown}
Potions
 e - 2 potions of flight {unknown}
 i - 2 potions of cure mutation {unknown}
 l - a potion of might {unknown}
 q - a potion of heal wounds {unknown}
Comestibles
 b - a bread ration
 k - a meat ration
 m - a beef jerky
 o - a chunk of flesh
 p - a royal jelly

Dungeon Overview and Level Annotations

Branches:
Dungeon (2/15)

Altars:
Ashenzari
Gozag
Sif Muna


Message History

You hit the adder but do no damage.
The adder is severely wounded.
The adder closely misses you.
You hit the adder.
The adder is almost dead.
You feel sick. The adder barely misses you.
You hit the adder.
You kill the adder!
You have reached level 4!
You feel stronger.
You feel sick.
You see here an adder corpse.
You butcher the adder corpse.
o - 2 chunks of flesh You feel sick.
Eating one of 2 chunks of flesh.
This raw flesh tastes terrible.
You continue eating.
You feel sick.
You continue eating.
You feel sick.
You feel sick.
You feel less regenerative.
You feel sick.
You feel sick.
You feel sick.
You are no longer poisoned.
p - a royal jelly
q - a fuming inky potion You now have 143 gold pieces (gained 7).
A kobold comes into view.
The kobold shouts!
The kobold throws a stone.
The stone hits you but does no damage.
You see here a stone.
A kobold is nearby!
Are you sure you want to abandon this character and quit the game? (Confirm with "yes".)

...##..# ##.##..####
......%...# ##.....##.#
##.##..##.#### ###
##.##.(....... ..#
(..##..##.######.#######
##.....##.## #.....K....
(..........# #..@#
##..###.#..# #...# # #..#
#.#..# #...###.# #..#
#.#..# #.....#.# #
##..###.#..###...#.#.##.#
................##......#
##......)######.##...#
##...##..# #.##...# #
.....##..# #.#....##.#


You could see a kobold.

Action                   |  1- 3 |  4- 6 || total
-------------------------+-------+-------++-------
Melee: Unarmed           |   131 |       ||   131
 Stab: Sleeping          |     3 |       ||     3
  Eat: Chunk             |     1 |     1 ||     2

Notes
Turn   | Place    | Note
--------------------------------------------------------------
     0 | D:1      | Duffy the Demonspawn Monk began the quest for the Orb.
     0 | D:1      | Reached XP level 1. HP: 18/18 MP: 1/1
   139 | D:1      | Reached skill level 4 in Unarmed Combat
   346 | D:1      | Found a shattered altar of Ashenzari.
   491 | D:1      | Gained mutation: You regenerate a little health from kills. [demonic ancestry]
   491 | D:1      | Reached XP level 2. HP: 24/24 MP: 2/2
  1019 | D:2      | Gained mutation: You are immune to rotting. [demonic ancestry]
  1019 | D:2      | Reached XP level 3. HP: 24/29 MP: 3/3
  1169 | D:2      | Found a deep blue altar of Sif Muna.
  1396 | D:2      | Found an opulent altar of Gozag.
  1433 | D:2      | Reached skill level 5 in Unarmed Combat
  1461 | D:2      | Reached XP level 4. HP: 25/35 MP: 4/4
  1526 | D:2      | Quit the game

Vault maps used:
D:1:      roderic_chinese_lattice_arrival, minmay_misc_feat_columns,
          minmay_misc_feat_hallway, evilmike_ruin_ashenzari
D:2:      led_sif_pool, nicolae_gozag_cash_rules_everything_around_me

Vanquished Creatures
  4 adders
  A worm
  A giant gecko
  A ball python
  2 giant cockroaches
  2 goblins
  5 hobgoblins
  3 kobolds
  7 bats
  2 giant newts
  3 rats
31 creatures vanquished.
